 Dungeon Crawl Stone Soup version 0.20-a0 (console) character file.

3302 brucemayne the Basher (level 9, 0/120 HPs)
             Began as a Troll Berserker on Oct 27, 2016.
             Was a Believer of Trog.
             Killed from afar by a tengu reaver (34 damage)
             ... with a bolt of lightning
             ... on level 10 of the Dungeon.
             The game lasted 00:12:00 (2120 turns).

brucemayne the Basher (Troll Berserker)             Turns: 2120, Time: 00:12:01

Health: 0/120      AC: 11    Str: 34    XL:     9   Next: 70%
Magic:  0/8        EV: 10    Int:  2    God:    Trog [**....]
Gold:   248        SH:  0    Dex: 11    Spells: 0 memorised, 8 levels left

rFire  . . .     SeeInvis +     h - +0 giant club
rCold  . . .     Gourm    +     w - +0 troll leather armour
rNeg   . . .     Faith    .     (shield currently unavailable)
rPois  .         Spirit   +     (helmet restricted)
rElec  .         Reflect  .     e - +0 cloak
rCorr  .         Harm     .     (gloves unavailable)
MR     ++...                    (boots unavailable)
Stlth  ..........               d - amulet of guardian spirit
                                (no ring)
                                s - ring of see invisible

@: berserking (expiring), lethally poisoned (0 -> 0), regenerating, very quick
A: unfitting armour, claws 3, molten scales 1, rugged brown scales 1, dopey 1,
fast metabolism 3, frail 1, gourmand, mutation resistance 1, regeneration 1,
shaggy fur 1, strong 1, tough skin 2, MP-powered wands
a: Berserk, Trog's Hand, Burn Spellbooks, Renounce Religion


You were on level 10 of the Dungeon.
You worshipped Trog.
Trog was pleased with you.
You were not hungry.

You visited 1 branch of the dungeon, and saw 10 of its levels.

You collected 248 gold pieces.

Inventory:

Hand Weapons
 a - a +0 mace
 h - a +0 giant club (weapon)
 j - a cursed -3 flail
 k - a +0 giant club
 r - a +0 executioner's axe
Missiles
 i - 4 large rocks (quivered)
Armour
 b - a +0 animal skin
 e - a +0 cloak (worn)
 w - a +0 troll leather armour (worn)
Magical Staves
 g - an uncursed staff of air {unknown}
Jewellery
 d - an amulet of guardian spirit (around neck)
 l - an uncursed amulet of guardian spirit
 s - a ring of see invisible (left claw)
Wands
 o - a wand of paralysis (17/24)
 t - a wand of iceblast (8/15)
Scrolls
 f - 3 scrolls of identify
 u - a scroll of remove curse {unknown}
Potions
 m - 2 potions of flight {unknown}
 p - a potion of berserk rage {unknown}
 q - 2 potions of heal wounds
Books
 n - a book of Flames

   Spells                             Type                      Level
   a - Flame Tongue                   Conjuration/Fire             1
   b - Throw Flame                    Conjuration/Fire             2
   c - Conjure Flame                  Conjuration/Fire             3
   d - Inner Flame                    Hexes/Fire                   3
   e - Sticky Flame                   Conjuration/Fire             4
   f - Fireball                       Conjuration/Fire             5
   Trog disapproves of the use of such an item.
Comestibles
 c - 3 bread rations


   Skills:
 + Level 4.8 Fighting
 + Level 11.8 Maces & Flails
 - Level 2.4 Dodging


You had 8 spell levels left.
You didn't know any spells.

Dungeon Overview and Level Annotations

Branches:
Dungeon (10/15)
 Temple: D:4-7         Lair: D:8-11         Orc: D:9-12

Altars:
Ashenzari
Cheibriados
Elyvilon
Hepliaklqana
Ru
Vehumet
Xom

Annotations:
D:9 exclusion: upstairs


Innate Abilities, Weirdness & Mutations

You are too large for most types of armour.
You have claws for hands.
Your metabolism is lightning-fast.
You like to eat raw meat.
Your natural rate of healing is unusually fast.
You are covered in fur. (AC +1)
You have very tough skin. (AC +2)
You are partially covered in molten scales. (AC +2)
You are partially covered in rugged brown scales. (AC +1, +3% HP)
You are dopey. (Int -2)
You are frail. (-10% HP)
You are somewhat resistant to further mutation.
Your muscles are strong. (Str +2)
You expend magic power (3 MP) to strengthen your wands.


Message History

The tengu reaver hits you with a halberd!
The tengu reaver pecks you.
The tengu reaver claws you but does no damage.
You closely miss the tengu reaver.
The tengu reaver is lightly wounded.
You barely miss the tengu reaver.
The tengu reaver is lightly wounded.
You feel sick.
The tengu reaver hits you with a halberd!
* * * LOW HITPOINT WARNING * * *
The tengu reaver pecks you but does no damage.
The tengu reaver claws you.
* * * LOW HITPOINT WARNING * * *
You barely miss the tengu reaver.
The tengu reaver is lightly wounded.
You thump the tengu reaver!
The tengu reaver is lightly wounded.
The tengu reaver gestures at you while chanting.
The bolt of lightning hits you!
You die...

# #... #.#.. # #..# ##.#.. #
#...###..#.. # #.......#.. #
#####'#####.# # #..)....# #.. #
#####.####...##.. #
##..##....###..#.. #
#@...#......##.#.. #
#Q##..'.......#.#.. # ..#
##.#...(..## #.. # #..#
#.#....### #.. # ### #.#.#### #..
# #.#.( #..
###############################..
....)............................
.(......#####################....


You could see a tengu reaver.

Vanquished Creatures
  A hill giant (D:9)
  An ugly thing (D:10)
  A troll (D:10)
  A hippogriff (D:8)
  A yak (D:7)
  A wyvern (D:10)
  A hungry ghost (D:10)
  A soldier ant (D:10)
  A water moccasin (D:10)
  A phantom (D:10)
  An orc warrior (D:10)
  3 sky beasts
  2 ogres
  2 centaurs
  Blork the orc (D:6)
  A bullfrog (D:6)
  A scorpion (D:10)
  A wight (D:6)
  2 crimson imps
  A centaur zombie (D:8)
  2 orc priests
  A jelly (D:9)
  A centaur skeleton (D:4)
  2 hounds (D:6)
  An orc wizard (D:6)
  A bullfrog skeleton (D:7)
  2 worker ants
  3 adders
  An adder zombie (D:10)
  An adder skeleton (D:6)
  A worm (D:2)
  A leopard gecko (D:5)
  4 orcs
  A giant cockroach (D:8)
  3 goblins
  2 hobgoblins
  3 jackals
  A quokka (D:7)
  A ball python (D:3)
  A frilled lizard (D:2)
  3 kobolds
61 creatures vanquished.

Notes
Turn   | Place    | Note
-------+----------+-------------------------------------------
     0 | D:1      | brucemayne the Troll Berserker began the quest for the Orb.
     0 | D:1      | Reached XP level 1. HP: 22/22 MP: 0/0
    59 | D:1      | Reached skill level 3 in Maces & Flails
    91 | D:2      | Reached XP level 2. HP: 28/29 MP: 1/1
   453 | D:5      | Entered Level 5 of the Dungeon
   475 | D:5      | Found a snail-covered altar of Cheibriados.
   478 | D:5      | Found a radiant altar of Vehumet.
   480 | D:5      | Found a sacrificial altar of Ru.
   514 | D:5      | Noticed a phantom
   574 | D:4      | Reached skill level 4 in Maces & Flails
   574 | D:4      | Reached XP level 3. HP: 11/36 MP: 0/2
   656 | D:5      | Found a hazy altar of Hepliaklqana.
   674 | D:5      | Found a shimmering altar of Xom.
   674 | D:5      | Found a white marble altar of Elyvilon.
   715 | D:5      | Reached XP level 4. HP: 43/44 MP: 1/3
   748 | D:6      | Noticed a sky beast
   765 | D:6      | Killed a sky beast
   765 | D:6      | Reached skill level 5 in Maces & Flails
   765 | D:6      | Reached XP level 5. HP: 38/50 MP: 1/4
   770 | D:6      | Gained mutation: Your spells are a little harder to cast, but a little more powerful. [mutagenic meat]
   793 | D:6      | Found a shattered altar of Ashenzari.
   853 | D:7      | Noticed a sky beast
   858 | D:6      | Killed a sky beast
   858 | D:6      | Reached skill level 6 in Maces & Flails
   858 | D:6      | Reached XP level 6. HP: 59/59 MP: 5/5
   861 | D:6      | Reached ** piety under Trog
   867 | D:6      | Gained mutation: Your flesh is cold resistant. (rC+) [mutagenic meat]
   868 | D:6      | Gained mutation: You are partially covered in rugged brown scales. (AC +1, +3% HP) [mutagenic meat]
   869 | D:6      | Gained mutation: You tend to lose your temper in combat. [mutagenic meat]
   870 | D:6      | Gained mutation: You are frail. (-10% HP) [mutagenic meat]
   876 | D:6      | Noticed Blork the orc
   879 | D:6      | Gained mutation: You have a pair of small horns on your head. [potion of mutation]
   879 | D:6      | Lost mutation: You tend to lose your temper in combat. [potion of mutation]
   879 | D:6      | Lost mutation: Your spells are a little harder to cast, but a little more powerful. [potion of mutation]
   886 | D:6      | Lost mutation: You are frail. (-10% HP) [potion of cure mutation]
   886 | D:6      | Lost mutation: Your flesh is cold resistant. (rC+) [potion of cure mutation]
   886 | D:6      | Lost mutation: You have a pair of small horns on your head. [potion of cure mutation]
   894 | D:6      | Killed Blork the orc
   909 | D:6      | Reached skill level 7 in Maces & Flails
   914 | D:6      | Reached XP level 7. HP: 26/67 MP: 0/6
   948 | D:6      | HP: 1/100 [centaur (8)]
  1037 | D:6      | Reached skill level 8 in Maces & Flails
  1096 | D:7      | Noticed a yak
  1106 | D:7      | Noticed a yak
  1124 | D:7      | Killed a yak
  1209 | D:7      | Reached skill level 9 in Maces & Flails
  1209 | D:7      | Reached XP level 8. HP: 68/76 MP: 5/7
  1249 | D:8      | Noticed a hippogriff
  1264 | D:8      | Killed a hippogriff
  1395 | D:9      | Noticed a hill giant
  1409 | D:9      | Killed a hill giant
  1409 | D:9      | Reached skill level 10 in Maces & Flails
  1589 | D:10     | Entered Level 10 of the Dungeon
  1638 | D:10     | Reached skill level 11 in Maces & Flails
  1638 | D:10     | Reached XP level 9. HP: 76/82 MP: 8/8
  1765 | D:10     | Gained mutation: You are dopey. (Int -2) [potion of mutation]
  1765 | D:10     | Gained mutation: You are partially covered in molten scales. (AC +2) [potion of mutation]
  1765 | D:10     | Gained mutation: You are somewhat resistant to further mutation. [potion of mutation]
  1791 | D:10     | Gained mutation: You are frail. (-10% HP) [potion of mutation]
  1931 | D:10     | Noticed a cyan ugly thing
  1942 | D:10     | Killed a cyan ugly thing
  1951 | D:10     | Gained mutation: Your muscles are strong. (Str +2) [mutagenic meat]
  1952 | D:10     | Gained mutation: You expend magic power (3 MP) to strengthen your wands. [mutagenic meat]
  2017 | D:10     | Noticed a troll
  2020 | D:10     | Killed a troll
  2105 | D:10     | Noticed a tengu reaver
  2120 | D:10     | Killed from afar by a tengu reaver

Vault maps used:
D:1:      dpeg_arrival_solitude, minmay_misc_feat_columns, minivault_25,
          dk_noncrumbling_2
D:2:      yredelemnul_forgotten_temple_becter, first_bread
D:3:      ecumenical_altar_1, minmay_shallow_snake_nest
D:5:      minitemple, kennysheep_mini, grunt_dithmenos_smoke_and_mirrors,
          amethyst_overflow_temple_binary, serial_park, grunt_decor_one_mirror,
          kennysheep_opposing_triangles, uniq_crazy_yiuf_cottage
D:6:      lemuel_crystal_altar, evilmike_ruin_ashenzari,
          hangedman_decor_peaks_small, uniq_blork_the_orc
D:7:      nicolae_gozag_seed_capital, serial_shops, shop, grunt_ogre_cave,
          lightli_minifort, uniq_pikel
D:8:      chequers_temple_overflow_minitemple, serial_shops, nicolae_shop_trees
D:9:      grunt_lair_entry_orc_guard_hut, serial_shops, nicolae_shop_trees
D:10:     minmay_the_grid_3x2

Skill      XL: |  1  2  3  4  5  6  7  8  9 |
---------------+----------------------------+-----
Maces & Flails | 3 4 5 6 7 9 11 | 11.8
Fighting       | 4 |  4.8
Dodging        | |  2.4

Action                   |  1- 3 |  4- 6 |  7- 9 || total
-------------------------+-------+-------+-------++-------
Melee: Mace              |    76 |    56 |    29 ||   161
       Headbutt          |       |     1 |       ||     1
       Giant club        |       |       |   157 ||   157
Invok: Berserk           |       |     2 |     7 ||     9
       Trog's Hand       |       |     2 |     1 ||     3
Evoke: Wand              |     2 |       |       ||     2
  Use: Scroll            |       |     6 |       ||     6
       Potion            |       |     5 |     3 ||     8
 Stab: Paralysed         |     2 |       |       ||     2
  Eat: Beef jerky        |     1 |       |       ||     1
       Pizza             |     1 |       |       ||     1
       Bread ration      |       |     1 |     1 ||     2
       Chunk             |       |     6 |     7 ||    13
       Meat ration       |       |       |     3 ||     3
Armor: Animal skin       |    29 |    19 |    34 ||    82
       Skin              |       |    52 |    11 ||    63
       Troll leather arm |       |       |     9 ||     9
Dodge: Dodged            |    35 |    16 |   102 ||   153
